 Dungeon Crawl Stone Soup version 0.26.1-11-gd32895ea62 (webtiles) character file.

Game seed: 14668721405193882463

233 diana the Slasher (level 5, 0/41 HPs)
             Began as a Demonspawn Gladiator on Apr 14, 2021.
             Succumbed to Blork the orc's poison
             ... on level 4 of the Dungeon.
             The game lasted 00:05:29 (3359 turns).

diana the Slasher (Demonspawn Gladiator)            Turns: 3359, Time: 00:05:30

Health: 0/41       AC:  3    Str: 19    XL:     5   Next: 75%
Magic:  5/5        EV: 13    Int:  9    God:
Gold:   234        SH:  5    Dex: 12    Spells: 4/4 levels left

rFire    + . .     SeeInvis +   a - +0 long sword
rCold    + . .     Faith    .   (no shield)
rNeg     . . .     Spirit   .   b - +0 leather armour
rPois    +         Reflect  +   (helmet restricted)
rElec    +         Harm     .   (no cloak)
rCorr    +         Rampage  .   (no gloves)
Will     .....                  (no boots)
Stlth    +.........             q - amulet of Eboir Hob {Reflect Str+3 SH+5}
HPRegen  0.13/turn              (no ring)
MPRegen  0.09/turn              (no ring)

@: mighty, lethally poisoned (0 -> -11), resistant
A: antennae 1, see invisible, clumsy 1, poison resistance, electricity
resistance, spiny 2
a: no special abilities


You were on level 4 of the Dungeon.
You visited 1 branch of the dungeon, and saw 4 of its levels.
You also visited: Sewer.

You collected 234 gold pieces.

Inventory:

Hand Weapons
 a - a +0 long sword (weapon)
Missiles
 d - a throwing net (quivered)
Armour
 b - a +0 leather armour (worn)
 c - a +0 helmet
 i - a +0 ring mail
Jewellery
 q - the amulet of Eboir Hob (around neck) {Reflect Str+3 SH+5}
   (You found it in a sewer)

   [amulet of reflection]

   It shields you and reflects attacks.
   It affects your strength (+3).
   It affects your SH (+5).
Wands
 p - a wand of flame (18)
 s - a wand of iceblast (3)
 v - a wand of polymorph (8)
Scrolls
 f - 3 scrolls of identify {unknown}
 g - a scroll of remove curse {unknown}
 h - 2 scrolls of enchant weapon {unknown}
 j - a scroll of noise {unknown}
 l - 3 scrolls of teleportation
 m - a scroll of blinking {unknown}
 n - a scroll of fear {unknown}
 r - a scroll of amnesia {unknown}
Potions
 k - a potion of curing
 o - 4 potions of flight


   Skills:
 * Level 3.5 Fighting
 + Level 3.5 Long Blades
 - Level 1.7 Throwing
 + Level 2.8 Armour
 * Level 3.4 Dodging


You had 4 spell levels left.
You didn't know any spells.
Your spell library contained the following spells:

 Spells                   Type           Power        Failure   Level
 Beastly Appendage        Tmut           0%           43%         1
 Wereblood                Tmut           0%           58%         2
 Spider Form              Tmut/Pois      0%           82%         3
 Ice Form                 Ice/Tmut       0%           99%         4
 Blade Hands              Tmut           0%           100%        5


Dungeon Overview and Level Annotations

Branches:
Dungeon (4/15)              Sewer (visited)
 Temple: D:4-7

Altars:
Elyvilon

Annotations:
D:3 2 transporters
D:4 Blork the orc


Innate Abilities, Weirdness & Mutations

You have a pair of small antennae on your head.
You are mostly covered in sharp spines.
You have supernaturally acute eyesight. (SInv)
You are clumsy. (Dex -2)
Your system is resistant to poisons. (rPois)
You are resistant to electric shocks. (rElec)


Message History

You hear some strange, mumbled words.
A magic dart appears from out of thin air!
The magic dart hits you.
* * * LOW HITPOINT WARNING * * *
You barely miss something. Something hits you!
* * * LOW HITPOINT WARNING * * *
You are lethally poisoned!
Something hits you but does no damage.
You are more poisoned.
Unknown command.
It was a potion of resistance.
You feel protected.
* * * LOW HITPOINT WARNING * * *
You feel sick. Something hits you but does no damage.
Unknown command.
It was a potion of mutation.
You feel extremely strange.
Your vision sharpens.
Reactivating autopickup.
You feel clumsy.
You feel insulated.
You feel resistant to poisons.
You die...

.....#.......+........... .
.....#......##...##...##...
.....+......##...#######...
.....#.....................
#.....................
#.....................
###....##...##...##...
#....##...##...#
......####@##......
.....<.+...o..........
.......#..............
#....##...##... ##...##...#
... #...##..... .. .....
.## ....(. .#


You could see Blork the orc (fast, invisible).

Vanquished Creatures
  An orc wizard (D:3)
  A merfolk siren (Sewer)
  A merfolk avatar (Sewer)
  5 adders
  2 oozes
  A worm (D:2)
  2 dart slugs (D:1)
  4 leopard geckos
  4 orcs
  14 bats
  7 giant cockroaches
  9 goblins
  5 hobgoblins
  8 kobolds
  A ball python (Sewer)
  11 frilled lizards
  A leopard gecko skeleton (D:4)
  28 rats
105 creatures vanquished.

Vanquished Creatures (others)
  18 plants
18 creatures vanquished.

Grand Total: 123 creatures vanquished

Notes
Turn   | Place    | Note
-------+----------+-------------------------------------------
     0 | D:1      | diana the Demonspawn Gladiator began the quest for the Orb.
     0 | D:1      | Reached XP level 1. HP: 16/16 MP: 1/1
   335 | D:1      | Reached skill level 1 in Armour
   335 | D:1      | Gained mutation: You have a pair of small antennae on your
                  | head. [demonic ancestry]
   335 | D:1      | Reached XP level 2. HP: 22/22 MP: 2/2
   595 | D:1      | Gained mutation: You are partially covered in sharp spines.
                  | [demonic ancestry]
   595 | D:1      | Reached XP level 3. HP: 19/28 MP: 3/3
  1283 | D:2      | Gained mutation: You are mostly covered in sharp spines.
                  | [demonic ancestry]
  1283 | D:2      | Reached XP level 4. HP: 34/34 MP: 4/4
  2092 | D:3      | Found a glowing drain.
  2096 | Sewer    | Entered a sewer
  2229 | Sewer    | Reached XP level 5. HP: 41/41 MP: 5/5
  2614 | Sewer    | Got a sparkling ruby amulet
  2750 | D:3      | Identified the amulet of Eboir Hob {Reflect Str+3 SH+5}
                  | (You found it in a sewer)
  2780 | D:3      | Found a transporter.
  2821 | D:3      | Identified the +4 kite shield of the Volcano {rN+ Stlth+}
  2868 | D:3      | Found a transporter.
  3072 | D:3      | Found a white marble altar of Elyvilon.
  3339 | D:4      | Noticed Blork the orc
  3357 | D:4      | HP: 2/41 [something (7)]
  3359 | D:4      | Gained mutation: You have supernaturally acute eyesight.
                  | (SInv) [potion of mutation]
  3359 | D:4      | Gained mutation: You are clumsy. (Dex -2) [potion of
                  | mutation]
  3359 | D:4      | Gained mutation: You are resistant to electric shocks.
                  | (rElec) [potion of mutation]
  3359 | D:4      | Gained mutation: Your system is resistant to poisons.
                  | (rPois) [potion of mutation]
  3359 | D:4      | Succumbed to Blork the orc's poison

Illustrated notes

Levels and vault maps discovered:
D:1:      amcnicky_arrival_wind_blow, layout_basic
D:2:      layout_basic, serial_bayou, serial_bayou_lake_a, serial_bayou_pond_b,
          serial_bayou_shore_b, serial_bayou_pond_d, serial_bayou_lagoon_a,
          serial_bayou_pond_c
D:3:      layout_loops_ring, lemuel_doored_altar, gammafunk_ghost_gnarly_gnolls,
          gup_sewer_entry_bowl
D:4:      layout_gridville, uniq_blork_the_orc

Skill      XL: |  1  2  3  4 |
---------------+-------------+-----
Armour         | 1 2 |  2.8
Long Blades    | 3 |  3.5
Dodging        | 3 |  3.4
Fighting       | 3 |  3.5
Throwing       | |  1.7

Action                   |  1- 3 |  4- 6 || total
-------------------------+-------+-------++-------
Melee: Long sword        |    70 |    89 ||   159
Throw: Throwing net      |       |     2 ||     2
  Use: Potion            |       |     8 ||     8
 Stab: Sleeping          |     1 |     1 ||     2
Armor: Leather armour    |    26 |    22 ||    48
Dodge: Dodged            |    56 |    49 ||   105
Block: Other             |       |     7 ||     7
       Rpst.: Long sword |    16 |    15 ||    31
